 Dungeon Crawl Stone Soup version 0.24.0-1-gfbc8707122 (webtiles) character file.

Game seed: 11850009676267037143, levelgen mode: deterministic

907904 Gaball the Conqueror (level 27, -27/216 (245) HPs)
             Began as a Minotaur Berserker on Oct 25, 2019.
             Was an Elder of Trog.
             Annihilated by a doom hound (33 damage)
             ... created by the effects of Hell
             ... on level 7 of Tartarus on Oct 26, 2019.
             The game lasted 05:01:31 (111460 turns).

Gaball the Conqueror (Minotaur Berserker)         Turns: 111460, Time: 05:01:31

HP:   -27/216 (245) AC: 35    Str: 21 (32) XL:     27
MP:   11/11         EV: 16    Int:  6 (10) God:    Trog [****..]
Gold: 10951         SH:  4    Dex:  3 (11) Spells: 26/26 levels left

rFire    + + +     SeeInvis .   H - +9 great mace (antimagic)
rCold    + . .     Gourm    .   (shield currently unavailable)
rNeg     . . .     Faith    .   n - +7 faerie dragon scales {rPois rF+++ MR- rCorr Int+4}
rPois    +         Spirit   .   m - +2 hat of an ossuary {+Fly MR+ Int+2}
rElec    +         Reflect  +   T - +1 cloak {+Inv}
rCorr    +         Harm     .   b - +2 pair of gloves
MR       ++...                  F - +2 pair of boots {run}
Stlth    ++++++....             M - amulet of Idoniz {Reflect *Corrode rF++ Str+6 SH+4}
HPRegen  0.86/turn              r - +3 ring of protection
MPRegen  0.12/turn              D - ring of protection from cold

@: studying Invocations, quick
A: retaliatory headbutt, horns 2, blurry vision 1, clumsy 2, deformed body,
deterioration 2, frail 1, low mp 1, regeneration 1, shaggy fur 1, electricity
resistance, weak 2
}: 7/15 runes: decaying, serpentine, slimy, silver, iron, obsidian, abyssal
a: Berserk, Trog's Hand, Brothers in Arms, Renounce Religion, Evoke
Invisibility, Evoke Flight


You were on level 7 of Tartarus.
You worshipped Trog.
Trog was greatly pleased with you.
You were not hungry.

You visited 14 branches of the dungeon, and saw 74 of its levels.
You visited the Abyss 2 times.

You collected 12048 gold pieces.
You spent 1097 gold pieces at shops.

Inventory:

Hand Weapons
 G - a +9 eveningstar of electrocution
 H - a +9 antimagic great mace (weapon)
Missiles
 V - 5 boomerangs of dispersal (quivered)
Armour
 b - a +2 pair of gloves (worn)
 i - the +6 buckler of the Okapi {rF+ rC- rN+++ Dex+4}
   (You took it off a wizard on level 2 of the Depths)

   It affects your dexterity (+4).
   It protects you from fire.
   It makes you vulnerable to cold.
   It renders you almost immune to negative energy.
 m - the +2 hat of an ossuary (worn) {+Fly MR+ Int+2}
   (You acquired it on level 3 of the Crypt)

   It affects your intelligence (+2).
   It affects your resistance to hostile enchantments.
   It lets you fly.
 n - the +7 faerie dragon scales (worn) {rPois rF+++ MR- rCorr Int+4}
   (You took it off the Enchantress on level 1 of the Depths)

   It affects your intelligence (+4).
   It renders you almost immune to fire.
   It protects you from poison.
   It affects your resistance to hostile enchantments.
   It provides partial protection from all sources of acid and corrosion.
 F - a +2 pair of boots of running (worn)
 T - a +1 cloak of invisibility (worn)
Jewellery
 o - an uncursed ring of protection from magic
 r - a +3 ring of protection (left hand)
 D - a ring of protection from cold (right hand)
 K - an uncursed ring of protection from fire
 M - the amulet of Idoniz (around neck) {Reflect *Corrode rF++ Str+6 SH+4}
   (You acquired it on level 3 of the Crypt)

   [amulet of reflection]

   It shields you and reflects attacks.
   It affects your strength (+6).
   It greatly protects you from fire.
   It may corrode you when you take damage.
   It affects your SH (+4).
 P - an uncursed ring of protection from cold
Wands
 L - a wand of disintegration (18)
 Q - a wand of acid (8)
 W - a wand of paralysis (7)
Scrolls
 a - 7 scrolls of fear
 d - 4 scrolls of blinking
 e - 5 scrolls of identify
 g - 6 scrolls of teleportation
 h - 28 scrolls of remove curse
 q - 2 scrolls of holy word
 t - 19 scrolls of magic mapping
 v - 4 scrolls of silence
 y - 6 scrolls of fog
 z - 2 scrolls of brand weapon
 C - 8 scrolls of immolation
 E - 3 scrolls of enchant weapon
 J - 5 scrolls of enchant armour
 O - 2 scrolls of summoning
 Z - a scroll of acquirement
Potions
 k - 8 potions of flight
 l - 5 potions of brilliance
 p - 3 potions of invisibility
 s - 2 potions of haste
 x - 4 potions of magic
 A - 4 potions of cancellation
 B - 4 potions of resistance
 I - 10 potions of curing
 N - 4 potions of berserk rage
Books
 S - a manual of Invocations
Miscellaneous
 j - the horn of Geryon (inert)
Comestibles
 c - 12 rations


   Skills:
 O Level 27 Fighting
   Level 13.2(17.4) Axes
 - Level 18.6(20.0) Maces & Flails
 - Level 3.0 Throwing
 O Level 27 Armour
 O Level 27 Dodging
 + Level 18.1 Stealth
 + Level 19.0 Shields
 + Level 22.2 Evocations


You had 26 spell levels left.
You didn't know any spells.
Your spell library was empty.

Dungeon Overview and Level Annotations

Branches:
Dungeon (15/15)            Temple (0/1) D:5            Lair (6/6) D:8
  Swamp (4/4) Lair:3        Snake (4/4) Lair:4        Slime (5/5) Lair:6
    Orc (2/2) D:10            Elf (3/3) Orc:2        Vaults (5/5) D:13
  Crypt (3/3) Vaults:2       Tomb (0/3) Crypt:3      Depths (5/5) D:15
   Hell (visited)             Dis (7/7) Hell            Geh (7/7) Hell
    Coc (0/7) Hell            Tar (7/7) Hell            Zot (0/5) Depths:5

Altars:
Ashenzari
Gozag
Hepliaklqana
Kikubaaqudgha
Ru
Sif Muna
Trog
Xom
Beogh
Lugonu

Shops:
Orc:1 !   Orc:2 ?}:%   Elf:2 (   Elf:3 (?   Vaults:4 [   Depths:4 *}*

Portals:
Hell: Depths:1 Depths:2 Depths:3 Depths:4 Depths:5
Abyss: Depths:3 Depths:4 Depths:5
Pandemonium: Depths:3 Depths:4
Ziggurat: Depths:4

Annotations:
D:8 3 runed translucent doors, shoretiger's ghost, novice MiBe
Lair:4 2 runed translucent doors, exclusion: oklob plant, Bodigarde's ghost, journeyman DgNe
Swamp:4 2 transporters, xfalz's ghost, journeyman GnSk
Elf:1 Roxanne
Elf:2 exclusion: door


Innate Abilities, Weirdness & Mutations

You reflexively headbutt those who attack you in melee.
You have a pair of horns on your head.
Scrolls take you a little longer to read.
You are very clumsy. (Dex -4)
Armour fits poorly on your strangely shaped body.
Your body often deteriorates upon taking damage.
You are frail. (-10% HP)
Your magical capacity is low. (-10% MP)
Your natural rate of healing is unusually fast.
You are covered in fur. (AC +1)
You are resistant to electric shocks. (rElec)
You are very weak. (Str -4)


Message History

* * * LOW HITPOINT WARNING * * *
Your polar bear closely misses the Tzitzimitl.
Your polar bear completely misses the Tzitzimitl. x2
Your polar bear barely misses the Tzitzimitl.
Your polar bear claws the Tzitzimitl.
Your polar bear misses the Tzitzimitl.
The Tzitzimitl engulfs your polar bear!
The Tzitzimitl drains your polar bear's vigour!
Your polar bear seems to slow down.
The Tzitzimitl barely misses your polar bear.
The tormentor calls on the powers of darkness!
The shadow dragon convulses!
Your body is wracked with pain!
* * * LOW HITPOINT WARNING * * *
Your polar bear convulses!
There is a gateway to Hell here.
The tormentor calls on the powers of darkness!
The shadow dragon convulses!
Your body is wracked with pain!
* * * LOW HITPOINT WARNING * * *
Your polar bear convulses!
The doom hound bites you!!
You die...

#.................############
#..z..........................
####.............................
...................21............
..................).h............
...............................1)
.................................
................h..2......D......
................@..D.........D...
.................................
#################################


You could see a shadow dragon, a doom hound, a Tzitzimitl, a tormentor, a
friendly hell beast and a friendly polar bear (berserk).

Vanquished Creatures
  Asmodeus (Geh:7)
  the Royal Jelly (Slime:5)
  Dispater (Dis:7)
  3 ancient liches
  Mennas (Vaults:4)
  2 greater mummies (Depths:4)
  Vashnia (Snake:2)
  A caustic shrike (shapeshifter) (Depths:3)
  Geryon (Hell)
  3 golden dragons
  9 caustic shrikes
  12 bone dragons
  4 doom hounds
  the Enchantress (Depths:1)
  8 iron giants
  38 Brimstone Fiends
  33 Tzitzimimeh
  16 liches
  3 Ice Fiends
  9 Hell Sentinels (Dis:7)
  5 tentacled monstrosities
  5 titans (Vaults:5)
  2 deep elf blademasters (Elf:3)
  19 acid blobs
  2 Executioners
  A quicksilver dragon (Depths:1)
  5 sphinxes
  3 deep elf master archers
  24 ancient champions
  A storm dragon (shapeshifter) (Depths:3)
  4 eldritch tentacles
  A thorn hunter (Swamp:4)
  2 revenants
  14 shadow dragons
  2 storm dragons
  12 fire giants
  11 tengu reavers
  15 azure jellies
  7 nagarajas
  5 deep elf sorcerers
  14 frost giants
  11 iron dragons
  A ghost moth (shapeshifter) (Depths:3)
  14 vault wardens
  15 balrugs
  2 curse skulls (Crypt:3)
  An orc warlord (Orc:2)
  The ghost of Goblin1989 the Cleaver, a journeyman DDFi of Makhleb (Swamp:1)
  2 draconian stormcallers (Depths:5)
  Louise (Snake:4)
  Aizul (Elf:1)
  2 ghouls (Crypt:1)
  10 war gargoyles
  5 deep elf elementalists
  9 very ugly things
  A draconian annihilator (Depths:3)
  6 cacodemons
  3 spriggan defenders (Depths:1)
  49 reapers
  14 ironheart preservers
  7 vampire knights
  2 entropy weavers (Vaults:2)
  20 stone giants
  8 deep elf annihilators
  3 deep elf demonologists
  A black draconian (Depths:5)
  3 dire elephants (Lair:6)
  2 purple draconians
  Azrael (Orc:2)
  3 lorocyprocas
  A yellow draconian (Depths:5)
  13 spark wasps
  A white draconian (Depths:5)
  14 deep elf death magi
  4 eidola
  16 ettins
  3 green deaths
  2 blizzard demons (Depths:1)
  2 mummy priests
  10 quicksilver dragon zombies
  6 death oozes
  9 jiangshi
  A fire dragon (shapeshifter) (Vaults:5)
  11 fire dragons
  Erolcha (D:11)
  14 yaktaur captains
  19 ice dragons
  32 vault guards
  18 ogre magi
  17 hydras
  9 spriggan air magi
  2 deep elf high priests
  3 rakshasas
  11 great orbs of eyes
  18 naga warriors
  3 shambling mangroves
  A catoblepas (Depths:3)
  2 caustic shrike simulacra (Depths:2)
  7 quicksilver dragon skeletons
  2 ghost crabs
  4 death knights
  7 centaur warriors
  15 anacondas
  Erica (D:9)
  7 tengu warriors
  A death yak (Lair:4)
  11 alligators
  12 deep troll shamans
  8 vampire magi
  52 two-headed ogres
  12 dancing weapons
  7 deep troll earth magi
  Urug (D:13)
  36 hell hogs
  15 naga sharpshooters
  7 spriggan berserkers
  A thrashing horror (Abyss:2)
  10 titan zombies
  13 soul eaters
  7 deep elf knights
  13 spriggans
  7 titan skeletons
  An orc high priest (Orc:2)
  50 hell knights
  8 shock serpents
  17 sun demons
  6 storm dragon zombies
  5 storm dragon skeletons
  A wretched star (Abyss:5)
  89 skeletal warriors
  3 salamander mystics
  A sea snake (Snake:1)
  20 iron trolls
  2 shadow wraiths (Crypt:3)
  4 ghost moth zombies
  2 death drakes
  An entropy weaver zombie (Vaults:1)
  3 spriggan druids
  4 sixfirhies (Hell)
  A deep troll (shapeshifter) (Vaults:3)
  2 unseen horrors (Vaults:1)
  10 shadow demons
  9 naga ritualists
  7 anaconda zombies
  18 phantasmal warriors
  8 swamp dragons
  6 wizards
  11 deep elf archers
  32 deep trolls
  20 flayed ghosts
  3 golden dragon skeletons
  14 ironbrand convokers
  Pikel (D:6)
  6 shadow dragon zombies
  7 golden dragon zombies
  8 orc knights
  3 anaconda skeletons
  A harpy (shapeshifter) (Vaults:5)
  23 necromancers
  11 wolf spider zombies
  2 wolf spiders (Vaults:2)
  46 ugly things
  6 iron dragon zombies
  7 stone giant zombies
  2 orc sorcerers
  11 fire giant zombies
  11 cyclopes
  A faun (shapeshifter) (Vaults:1)
  A faun (Abyss:3)
  58 deep elf magi
  8 shining eyes
  20 mana vipers
  5 shadow dragon skeletons
  A tengu skeleton (Vaults:4)
  5 iron dragon skeletons
  A salamander (shapeshifter) (D:15)
  10 salamanders
  2 worldbinders (Abyss:2)
  A manticore (D:14)
  10 frost giant zombies
  A moth of wrath (Swamp:4)
  4 elephants (Lair:6)
  4 guardian serpents
  2 human skeletons
  38 naga magi
  3 shock serpent zombies
  7 fire giant skeletons
  13 vault sentinels
  7 frost giant skeletons
  17 smoke demons
  A torpor snail (Lair:4)
  4 stone giant skeletons
  2 dire elephant zombies
  42 black mambas
  3 ice statues
  21 spiny frogs
  An eye of devastation (Slime:3)
  28 rust devils
  5 orange demons
  A spiny frog (shapeshifter) (Vaults:3)
  Psyche (D:11)
  A shock serpent skeleton (Geh:3)
  40 hellions
  4 gargoyles (Crypt:3)
  3 spriggan zombies
  5 dire elephant skeletons
  8 molten gargoyles (Geh:7)
  5 emperor scorpion zombies
  64 yaktaurs
  5 rime drakes
  3 catoblepas zombies
  7 efreet
  35 tormentors
  A rime drake (shapeshifter) (Vaults:4)
  32 freezing wraiths
  19 ice devils
  A kobold demonologist (Abyss:2)
  A green draconian skeleton (Crypt:1)
  5 harpy zombies
  A hellwing (Abyss:2)
  7 tengu conjurers
  11 komodo dragons
  28 red devils
  3 catoblepas skeletons
  A silent spectre (Tar:7)
  3 ancient zymes (Abyss:2)
  A minotaur skeleton (Tar:6)
  A queen bee (shapeshifter) (Depths:2)
  11 tyrant leeches
  A jumping spider (shapeshifter) (Vaults:3)
  A wind drake (shapeshifter) (D:15)
  3 trolls
  8 hydra zombies
  95 slime creatures
  A polar bear (shapeshifter) (Depths:2)
  A troll (shapeshifter) (Vaults:1)
  2 jumping spiders (Vaults:2)
  A hornet (shapeshifter) (Depths:1)
  A black draconian skeleton (Geh:7)
  24 hornets
  6 polar bears
  A death drake skeleton (Crypt:2)
  A dream sheep (shapeshifter) (Vaults:5)
  8 fire dragon zombies
  A fire giant simulacrum (Tar:4)
  A tarantella zombie (Crypt:1)
  4 ice dragon zombies
  13 bog bodies
  5 blink frogs
  4 hydra skeletons
  4 raiju
  7 harpy skeletons
  A slime creature (shapeshifter) (D:13)
  8 ettin zombies
  2 stone giant simulacra (Crypt:1)
  10 hippogriffs
  Sigmund (D:2)
  3 alligator zombies
  3 black mamba zombies
  4 ettin skeletons
  27 shadows
  A centaur simulacrum (D:15)
  2 meliai zombies
  2 tarantellas (shapeshifter)
  4 redbacks (Vaults:2)
  4 alligator skeletons
  112 flying skulls
  6 large abominations
  2 redbacks (shapeshifter)
  A yak (shapeshifter) (Abyss:3)
  11 water elementals
  6 fire dragon skeletons
  2 ynoxinuls
  5 air elementals
  6 ice dragon skeletons
  47 wraiths
  52 yaks
  2 black mamba skeletons
  2 wyverns
  6 fire bats
  3 vampires (Crypt:3)
  A human (shapeshifter) (Vaults:1)
  29 fire elementals
  A steam dragon (Lair:4)
  A chaos spawn (Abyss:3)
  3 hungry ghosts
  11 vampire mosquitoes
  Grum (D:8)
  5 basilisks
  A neqoxec (Abyss:2)
  2 human simulacra
  4 swamp worm simulacra (Swamp:4)
  10 golden eyes
  A wind drake skeleton (Crypt:2)
  An ogre zombie (Vaults:1)
  13 swamp worms
  A gelid demonspawn zombie (Crypt:2)
  17 hydra simulacra
  2 wargs
  A naga (shapeshifter) (Depths:2)
  Edmund (D:6)
  4 acid dragons
  4 spiny frog zombies
  3 merfolk skeletons
  5 floating eyes
  42 nagas
  9 water moccasins
  9 swamp drakes
  5 porcupines
  5 elf skeletons
  24 orc warriors
  An ettin simulacrum (Depths:2)
  6 small abominations (Abyss:2)
  A meliai simulacrum (D:15)
  5 sky beasts
  A slave (D:6)
  4 ice beasts
  76 hell hounds
  A spriggan simulacrum (Depths:2)
  A fire dragon simulacrum (Hell)
  An ice dragon simulacrum (Hell)
  2 manticore zombies
  8 eyes of draining
  30 necrophages
  15 phantoms
  A spiny frog skeleton (Geh:3)
  2 black bears (shapeshifter)
  A hornet zombie (D:6)
  5 snapping turtle zombies
  2 eyes of draining (shapeshifter)
  A boggart (Vaults:1)
  8 snapping turtle skeletons
  3 swamp dragon zombies
  14 wolves
  38 ogres
  24 centaurs
  A torpor snail zombie (Crypt:1)
  2 manticore skeletons (Geh:7)
  8 crocodiles
  Blork the orc (D:4)
  A big kobold (shapeshifter) (D:15)
  6 elf zombies
  3 big kobolds (Abyss:2)
  3 earth elementals
  A gnoll sergeant (D:11)
  11 bullfrogs
  A salamander skeleton (Crypt:1)
  A wyvern zombie (D:13)
  3 scorpions
  9 killer bees
  60 wights
  A spriggan skeleton (Geh:7)
  9 howler monkeys
  7 electric eels
  19 crimson imps
  3 quasits
  5 starcursed masses (Abyss:2)
  8 hounds
  3 human zombies
  14 jellies (Lair:6)
  3 centaur zombies
  5 centaur skeletons
  9 orc priests
  A bullfrog skeleton (D:5)
  24 iron imps
  4 iguanas
  7 orc wizards
  5 hell rats
  6 worker ants
  A naga zombie (Crypt:1)
  3 tengu zombies
  A hound skeleton (D:8)
  4 mummies
  2 worker ant zombies (D:10)
  Robin (D:4)
  3 gnolls (D:11)
  An adder (shapeshifter) (Vaults:5)
  7 adders
  22 shadow imps
  3 white imps
  An ooze (Lair:6)
  2 ufetubi
  4 swamp drake simulacra (Swamp:4)
  3 adder skeletons
  An adder zombie (D:8)
  2 iguana skeletons (Crypt:2)
  4 worms
  A dart slug (D:1)
  4 leopard geckos
  64 orcs
  A ball python (D:1)
  2 giant cockroaches (D:2)
  14 goblins
  10 hobgoblins
  6 jackals
  5 quokkas
  12 bats
  6 frilled lizards
  2 frilled lizard zombies (Crypt:2)
  9 kobolds
  2 kobold zombies
  2 orc skeletons
  2 orc zombies
  A quokka skeleton (D:10)
  9 rats
  3 briar patches (Swamp:4)
  4 fire vortices
  4 plants (Lair:6)
  2 starspawn tentacles (Abyss:5)
3605 creatures vanquished.

Vanquished Creatures (collateral kills)
  Ereshkigal (Tar:7)
  An ancient lich (Vaults:5)
  2 caustic shrikes (Depths:2)
  A doom hound (Tar:7)
  An iron giant (Dis:7)
  The ghost of Muvus the Executioner, an adept DsFi of Uskayaw (Vaults:3)
  A Hell Sentinel (Dis:7)
  3 liches
  An Ice Fiend (Dis:7)
  An acid blob (Slime:5)
  An ancient champion (Dis:7)
  A revenant (Crypt:1)
  A tengu reaver (Depths:3)
  A nagaraja (Snake:4)
  2 fire giants (Vaults:5)
  An iron dragon (Depths:3)
  A deep elf sorcerer (Elf:3)
  4 frost giants
  2 balrugs (Geh:1)
  An ironheart preserver (Vaults:4)
  A very ugly thing (Depths:2)
  A war gargoyle (Vaults:5)
  A deep elf demonologist (Elf:3)
  2 dire elephants (Lair:6)
  A deep elf annihilator (Depths:3)
  3 ettins
  A deep elf death mage (Crypt:1)
  A crystal guardian (Depths:3)
  A yaktaur captain (Vaults:5)
  2 fire dragons
  Josephine (Orc:2)
  7 vault guards (Vaults:5)
  A hydra (Lair:3)
  2 naga warriors (Snake:4)
  A spriggan air mage (Depths:2)
  Harold (D:9)
  2 two-headed ogres
  3 ogre magi
  A death knight (Vaults:5)
  A vampire mage (Crypt:1)
  A hell hog (Geh:1)
  A deep troll earth mage (Depths:3)
  A naga sharpshooter (Snake:2)
  4 death yaks (Lair:4)
  2 sun demons
  3 hell knights
  A soul eater (Depths:1)
  A deep elf knight (Vaults:4)
  An iron troll (Dis:7)
  A skeletal warrior (Tar:7)
  A storm dragon skeleton (Tar:7)
  3 shadow demons
  A deep troll (Vaults:1)
  An obsidian statue (Depths:1)
  2 necromancers (Geh:7)
  A deep elf archer (Elf:2)
  2 phantasmal warriors
  An orc knight (D:11)
  2 ugly things
  2 wolf spider zombies
  A stone giant skeleton (Tar:7)
  A rust devil (Dis:7)
  4 naga magi
  A molten gargoyle (Geh:1)
  2 orange demons
  A hellion (Tar:7)
  3 yaktaurs (Vaults:4)
  A freezing wraith (D:11)
  A shock serpent skeleton (Geh:7)
  2 tormentors (Dis:7)
  An efreet (D:14)
  An ice devil (Tar:7)
  4 red devils
  An ettin zombie (Geh:7)
  4 flying skulls
  3 shadows (Tar:7)
  2 wraiths
  2 fire elementals
  A black mamba skeleton (Tar:7)
  3 fire bats (Abyss:3)
  5 chaos spawn (Abyss:3)
  4 nagas (Snake:4)
  A swamp worm (Lair:4)
  A porcupine (Lair:4)
  A hell hound (Orc:2)
  11 orc warriors (Orc:2)
  A faun skeleton (Crypt:1)
  A black bear (shapeshifter) (Vaults:4)
  A necrophage (Tar:7)
  4 wolves (D:8)
  A phantom (Geh:3)
  6 centaurs (Orc:2)
  An ogre (D:13)
  A snapping turtle skeleton (Geh:3)
  3 bullfrogs
  3 wights
  4 crimson imps
  A hound (D:11)
  2 orc priests (Orc:2)
  A human zombie (Geh:1)
  2 iron imps (Dis:7)
  A worker ant (D:11)
  2 shadow imps
  A white imp (Depths:1)
  5 orcs (Orc:2)
197 creatures vanquished.

Vanquished Creatures (others)
  2 eldritch tentacles
  A reaper (Dis:7)
  An alligator (Swamp:4)
  A soul eater (Tar:4)
  An orc knight (Orc:2)
  A sixfirhy (Hell)
  A necromancer (Geh:3)
  A salamander (Depths:4)
  A shadow dragon skeleton (Geh:3)
  A naga mage (Snake:2)
  A demonic crawler (Hell)
  2 hellions (Geh:7)
  2 red devils
  A bog body (Crypt:1)
  3 flying skulls (Geh:1)
  2 shadows
  3 wraiths
  An ice dragon skeleton (Geh:3)
  3 fire elementals (Hell)
  A swamp worm (Swamp:4)
  4 hell hounds
  A sky beast (D:6)
  A slave (D:6)
  An alligator simulacrum (Hell)
  An orc warrior (Orc:2)
  2 centaurs
  2 wights
  An orc priest (Orc:2)
  2 hell rats (Hell)
  An orc (D:6)
  7 fungi
  13 plants
  2 withered plants (Crypt:3)
68 creatures vanquished.

Grand Total: 3870 creatures vanquished

Notes
Turn   | Place    | Note
-------+----------+-------------------------------------------
     0 | D:1      | Gaball the Minotaur Berserker began the quest for the Orb.
     0 | D:1      | Reached XP level 1. HP: 19/19 MP: 0/0
   162 | D:1      | Reached XP level 2. HP: 24/26 MP: 1/1
   381 | D:1      | Reached skill level 5 in Axes
   496 | D:1      | Reached ** piety under Trog
   801 | D:2      | Reached XP level 3. HP: 31/31 MP: 2/2
  1067 | D:2      | Reached XP level 4. HP: 32/39 MP: 3/3
  1313 | D:2      | Noticed Sigmund
  1325 | D:2      | Killed Sigmund
  1325 | D:2      | Reached XP level 5. HP: 24/45 MP: 4/4
  1680 | D:3      | Reached XP level 6. HP: 51/51 MP: 5/5
  1705 | D:3      | You fall into a shaft and drop 2 floors!
  1705 | D:5      | Entered Level 5 of the Dungeon
  1868 | D:5      | Found a staircase to the Ecumenical Temple.
  1933 | D:4      | Found a hazy altar of Hepliaklqana.
  2164 | D:4      | Found a shattered altar of Ashenzari.
  2165 | D:4      | Noticed Blork the orc
  2180 | D:4      | Reached *** piety under Trog
  2189 | D:4      | Killed Blork the orc
  2424 | D:4      | Noticed Robin
  2427 | D:4      | Reached XP level 7. HP: 56/57 MP: 6/6
  2440 | D:4      | Killed Robin
  2842 | D:5      | Reached skill level 10 in Axes
  3403 | D:6      | Noticed Pikel
  3415 | D:6      | Killed Pikel
  3415 | D:6      | Reached XP level 8. HP: 64/64 MP: 7/7
  3770 | D:6      | Noticed Edmund
  3797 | D:6      | Killed Edmund
  3814 | D:6      | Got a bloodstained trident
  3815 | D:6      | Identified the +7 trident of Piqet {drain, Str+4 Int+2}
                  | (You found it on level 6 of the Dungeon)
  4269 | D:7      | Reached skill level 1 in Maces & Flails
  4326 | D:7      | Reached XP level 9. HP: 62/71 MP: 8/8
  4330 | D:7      | Reached **** piety under Trog
  5218 | D:7      | Reached skill level 5 in Fighting
  5420 | D:8      | Noticed Grum
  5429 | D:8      | Reached skill level 5 in Maces & Flails
  5437 | D:8      | Killed Grum
  5451 | D:8      | Reached skill level 5 in Armour
  5616 | D:8      | Found a runed translucent gate.
  5616 | D:8      | Found a runed translucent gate.
  5616 | D:8      | Found a runed translucent gate.
  5616 | D:8      | Noticed shoretiger's ghost (novice MiBe)
  5756 | D:8      | Found a staircase to the Lair.
  5757 | D:8      | Noticed a komodo dragon
  5800 | D:8      | Reached XP level 10. HP: 83/83 MP: 4/9
  5851 | D:8      | Reached skill level 5 in Dodging
  6313 | D:9      | Noticed Harold
  6330 | D:9      | Killed Harold
  6640 | D:9      | Noticed a two-headed ogre
  7002 | D:9      | Killed a two-headed ogre
  7731 | D:9      | Noticed Erica
  7735 | D:9      | Killed Erica
  7735 | D:9      | Reached skill level 1 in Evocations
  7817 | D:10     | Entered Level 10 of the Dungeon
  7857 | D:10     | Noticed a centaur warrior
  7868 | D:10     | Killed a centaur warrior
  7869 | D:10     | Reached XP level 11. HP: 84/93 MP: 11/11
  8267 | D:10     | Noticed a two-headed ogre
  8281 | D:10     | Killed a two-headed ogre
  8281 | D:10     | Reached skill level 10 in Maces & Flails
  8642 | D:10     | Found a staircase to the Orcish Mines.
  8918 | D:11     | Noticed Erolcha
  8942 | D:11     | Killed Erolcha
  9282 | D:11     | Found a sacrificial altar of Ru.
  9283 | D:11     | Noticed an orc knight
  9309 | D:11     | Killed an orc knight
  9534 | D:11     | Noticed Psyche
  9537 | D:11     | Killed Psyche
  9552 | D:11     | Noticed a skeletal warrior
  9580 | D:11     | Noticed a death knight
  9611 | D:11     | Killed a death knight
  9659 | D:11     | Killed a skeletal warrior
  9863 | D:11     | HP: 1/97 [freezing wraith[a death knight] (11)]
  9871 | D:11     | HP: 1/97 [freezing wraith[a death knight] (4)]
  9906 | D:11     | Noticed a phantasmal warrior
  9918 | D:10     | HP: 2/97 [phantasmal warrior[a death knight] (22)]
 10583 | D:11     | Found a shimmering altar of Xom.
 10656 | D:12     | Reached XP level 12. HP: 83/104 MP: 14/14
 11266 | Lair:1   | Entered Level 1 of the Lair of Beasts
 12867 | Lair:2   | Reached skill level 5 in Evocations
 12932 | Lair:2   | Reached skill level 10 in Fighting
 13451 | Lair:2   | You fall into a shaft and drop 1 floor!
 13474 | Lair:3   | Reached skill level 10 in Armour
 13608 | Lair:3   | Noticed an eight-headed hydra
 13669 | Lair:3   | Killed an eight-headed hydra
 13784 | Lair:3   | Noticed an eight-headed hydra
 13805 | Lair:3   | Killed an eight-headed hydra
 14209 | Lair:3   | Noticed a six-headed hydra
 14214 | Lair:3   | Noticed a six-headed hydra
 14217 | Lair:3   | Killed a six-headed hydra
 14224 | Lair:3   | Killed a six-headed hydra
 14437 | Lair:3   | Found a staircase to the Swamp.
 14548 | Lair:3   | Noticed a five-headed hydra
 14557 | Lair:3   | Killed a five-headed hydra
 14557 | Lair:3   | Reached XP level 13. HP: 70/116 MP: 16/16
 14780 | Lair:3   | Reached skill level 10 in Dodging
 15354 | Lair:4   | Found a staircase to the Snake Pit.
 16452 | Lair:4   | Found a large runed translucent door.
 16452 | Lair:4   | Found a large runed translucent door.
 16455 | Lair:4   | Noticed Bodigarde's ghost (journeyman DgNe)
 17749 | Lair:6   | Entered Level 6 of the Lair of Beasts
 18767 | Lair:6   | Found a staircase to the Slime Pits.
 18785 | Lair:6   | Reached ***** piety under Trog
 19492 | Lair:6   | Reached XP level 14. HP: 105/129 MP: 18/18
 19633 | Lair:6   | Received a gift from Trog
 20739 | Orc:1    | Entered Level 1 of the Orcish Mines
 21320 | Orc:2    | Entered Level 2 of the Orcish Mines
 21320 | Orc:2    | Found a staircase to the Elven Halls.
 21414 | Orc:2    | Reached skill level 1 in Throwing
 21435 | Orc:2    | Noticed Josephine
 21446 | Orc:2    | Killed Josephine
 21480 | Orc:1    | Found Teidolibo's Distillery.
 21530 | Orc:1    | Bought a potion of might for 60 gold pieces
 21530 | Orc:1    | Bought a potion of heal wounds for 75 gold pieces
 21530 | Orc:1    | Bought a potion of heal wounds for 75 gold pieces
 21715 | Orc:2    | Noticed Azrael
 22003 | Orc:2    | Killed Azrael
 22461 | Orc:2    | Noticed an orc warlord
 22462 | Orc:2    | Noticed a stone giant
 22479 | Orc:2    | Killed a stone giant
 22493 | Orc:2    | Killed an orc warlord
 22921 | Orc:2    | Found a roughly hewn altar of Beogh.
 22979 | Orc:2    | Found Okionkyo's Book Emporium.
 22979 | Orc:2    | Found Tatucw's Gadget Boutique.
 22981 | Orc:2    | Found Soalyel's Magic Scroll Shop.
 22983 | Orc:2    | Found Gyfau's Food Shoppe.
 22990 | Orc:2    | Bought a scroll of enchant armour for 112 gold pieces
 24448 | D:13     | Found a gate to the Vaults.
 24477 | D:13     | Reached skill level 15 in Fighting
 24779 | D:13     | Noticed Urug
 24788 | D:13     | Killed Urug
 24935 | D:13     | Reached XP level 15. HP: 85/141 MP: 19/19
 27090 | D:15     | Entered Level 15 of the Dungeon
 28378 | D:15     | Found a staircase to the Depths.
 28659 | D:15     | Found an opulent altar of Gozag.
 28713 | D:15     | Paralysed by an ogre mage for 6 turns
 29305 | Lair:4   | Got a bloodstained buckler
 29316 | Lair:4   | Identified the -2 buckler of Pantheism {rC+ Int+5} (You
                  | found it on level 4 of the Lair of Beasts)
 29615 | Depths:1 | Entered Level 1 of the Depths
 30755 | Snake:1  | Entered Level 1 of the Snake Pit
 31171 | Snake:1  | Reached skill level 15 in Armour
 32091 | Snake:1  | Reached XP level 16. HP: 133/155 MP: 20/20
 33587 | Snake:1  | Received a gift from Trog
 35745 | Depths:1 | Noticed a sphinx
 35757 | Depths:1 | Killed a sphinx
 36518 | Elf:1    | Entered Level 1 of the Elven Halls
 36639 | Elf:1    | Paralysed by an orc sorcerer for 4 turns
 36827 | Elf:1    | Noticed Roxanne
 36839 | Elf:1    | Noticed Aizul
 36858 | Elf:1    | Killed Aizul
 37342 | Elf:1    | Found a shimmering blue altar of Sif Muna.
 39137 | Elf:2    | Found Bupra's Antique Weapon Shoppe.
 39287 | Elf:2    | Found a runed translucent gate.
 39287 | Elf:2    | Found a runed translucent gate.
 39288 | Elf:2    | Found a runed translucent gate.
 39372 | Elf:3    | Entered Level 3 of the Elven Halls
 39375 | Elf:3    | Received a gift from Trog
 39678 | Elf:3    | Reached skill level 15 in Dodging
 39678 | Elf:3    | Reached XP level 17. HP: 166/166 MP: 21/21
 39688 | Elf:3    | Found Zecaetos's Weapon Emporium.
 40087 | Elf:3    | Found Goibav's Magic Scroll Shop.
 40094 | Elf:3    | Bought a scroll of identify for 36 gold pieces
 40094 | Elf:3    | Bought a scroll of identify for 36 gold pieces
 40094 | Elf:3    | Bought a scroll of identify for 36 gold pieces
 40095 | Elf:3    | Identified 3 scrolls of acquirement
 40436 | Elf:3    | Noticed a deep elf blademaster
 40451 | Elf:3    | Killed a deep elf blademaster
 40451 | Elf:3    | Noticed a deep elf master archer
 40460 | Elf:3    | Noticed a deep elf blademaster
 40544 | Elf:2    | Identified a +2 pair of boots of running (You acquired it
                  | on level 2 of the Elven Halls)
 42700 | Snake:2  | Noticed Vashnia
 43395 | Snake:2  | Killed Vashnia
 46065 | Snake:4  | Entered Level 4 of the Snake Pit
 46205 | Snake:4  | Reached XP level 18. HP: 146/180 MP: 19/22
 46494 | Snake:4  | Received a gift from Trog
 48004 | Snake:4  | Noticed Louise
 48023 | Snake:4  | Killed Louise
 48296 | Snake:4  | Received a gift from Trog
 50058 | Snake:4  | Got a serpentine rune of Zot
 50568 | Vaults:1 | Entered Level 1 of the Vaults
 50587 | Vaults:1 | Received a gift from Trog
 50606 | Vaults:1 | Reached skill level 1 in Shields
 51413 | Vaults:1 | Received a gift from Trog
 51799 | Vaults:1 | Reached XP level 19. HP: 137/191 MP: 23/23
 52887 | Vaults:2 | You fall into a shaft and drop 1 floor!
 52900 | Vaults:2 | Paralysed by an ogre mage for 3 turns
 53324 | Vaults:2 | Received a gift from Trog
 54441 | Vaults:2 | Found a staircase to the Crypt.
 55331 | Vaults:3 | Received a gift from Trog
 55787 | Vaults:3 | Reached ****** piety under Trog
 55989 | Vaults:3 | Reached XP level 20. HP: 204/204 MP: 24/24
 56002 | Vaults:3 | Received a gift from Trog
 56047 | Vaults:3 | Found a runed translucent door.
 56049 | Vaults:3 | Noticed Muvus's ghost (adept DsFi)
 56650 | Vaults:3 | Killed Muvus's ghost
 57098 | Vaults:4 | Found Kehorgh's Antique Armour Shop.
 57182 | Vaults:4 | Bought a shimmering chain mail for 427 gold pieces
 57192 | Vaults:4 | Received a gift from Trog
 57215 | Vaults:4 | Identified the cursed +0 chain mail of Fesiz {rN+ SInv}
                  | (You bought it in a shop on level 4 of the Vaults)
 58144 | Vaults:4 | Noticed Mennas
 58182 | Vaults:4 | Killed Mennas
 59251 | Swamp:1  | Entered Level 1 of the Swamp
 59300 | Swamp:1  | Found a large runed translucent door.
 59300 | Swamp:1  | Found a large runed translucent door.
 59302 | Swamp:1  | Noticed Goblin1989's ghost (journeyman DDFi)
 60835 | Swamp:1  | Killed Goblin1989's ghost
 60968 | Swamp:1  | Reached XP level 21. HP: 175/216 MP: 22/25
 61269 | Swamp:2  | Received a gift from Trog
 62076 | Swamp:3  | Received a gift from Trog
 62711 | Swamp:4  | Entered Level 4 of the Swamp
 62751 | Swamp:4  | Received a gift from Trog
 62915 | Swamp:4  | Found a transporter.
 62925 | Swamp:4  | Identified the +3 rapier of Distraction {antimagic, +Fly
                  | Dex+5}
 62937 | Swamp:4  | Found a bloodstained altar of Trog.
 62937 | Swamp:4  | Identified the +8 demon whip of Unpleasantness {protect,
                  | *Drain rC+ Str+5}
 62937 | Swamp:4  | Noticed xfalz's ghost (journeyman GnSk)
 62956 | Swamp:4  | Found a transporter.
 63503 | Swamp:4  | Received a gift from Trog
 63781 | Swamp:4  | Got a decaying rune of Zot
 64226 | Depths:1 | Received a gift from Trog
 64232 | Depths:1 | Found a gateway to Hell.
 65079 | Depths:1 | Received a gift from Trog
 65093 | Depths:1 | Found the +9 staff of Olgreb {rPois}
 65364 | Depths:1 | Identified Wiucvuang's Volume of Creative Lightness
 65417 | Depths:2 | Noticed the Enchantress
 65442 | Depths:1 | Killed the Enchantress
 66191 | Depths:2 | Paralysed by a floating eye for 2 turns
 66196 | Depths:2 | Paralysed by a floating eye for 4 turns
 66208 | Depths:1 | Paralysed by a floating eye for 2 turns
 66924 | Depths:1 | Received a gift from Trog
 67071 | Depths:2 | Reached XP level 22. HP: 187/229 MP: 20/26
 67591 | Depths:2 | Identified the +5 falchion of Annihilation {elec, *Drain
                  | *Slow rN++ Str+2}
 67606 | Depths:2 | Noticed a golden dragon
 67607 | Depths:2 | Noticed a caustic shrike
 67607 | Depths:2 | Noticed a caustic shrike
 67630 | Depths:1 | Killed a caustic shrike
 67924 | Depths:1 | Killed a caustic shrike
 67954 | Depths:2 | Paralysed by a sphinx for 2 turns
 68145 | Depths:2 | Killed a golden dragon
 68158 | Depths:2 | Noticed a caustic shrike
 68159 | Depths:2 | Noticed a caustic shrike
 69344 | Depths:2 | Paralysed by a floating eye for 2 turns
 69358 | Depths:2 | Paralysed by a floating eye for 3 turns
 69365 | Depths:2 | Noticed a caustic shrike
 69371 | Depths:2 | Paralysed by a floating eye for 4 turns
 69452 | Depths:2 | Identified the +6 buckler of the Okapi {rF+ rC- rN+++
                  | Dex+4}
 69452 | Depths:2 | Identified the amulet "Somemiku" {Regen+ Dex+3}
 69456 | Depths:2 | Received a gift from Trog
 69671 | Depths:2 | Noticed a caustic shrike
 69745 | Depths:2 | Paralysed by a floating eye for 4 turns
 69879 | Depths:2 | Noticed a caustic shrike
 69889 | Depths:2 | Killed a caustic shrike
 69889 | Depths:2 | Killed a caustic shrike
 69893 | Depths:2 | Killed a caustic shrike
 69893 | Depths:2 | Reached skill level 15 in Maces & Flails
 69929 | Depths:2 | Noticed a golden dragon
 69962 | Depths:2 | Killed a golden dragon
 70025 | Depths:2 | Identified the ring "Uroyblon" {+Fly MP+9}
 70263 | Depths:3 | Received a gift from Trog
 70483 | Depths:3 | Noticed a caustic shrike
 70492 | Depths:3 | Killed a caustic shrike
 70814 | Depths:3 | Found a one-way gate to the infinite horrors of the Abyss.
 70815 | Depths:3 | Found a one-way gate leading to the halls of Pandemonium.
 70843 | Depths:3 | Reached skill level 27 in Fighting
 70903 | Depths:3 | Paralysed by a sphinx for 6 turns
 70922 | Depths:3 | Reached XP level 23. HP: 147/240 MP: 27/27
 71110 | Depths:3 | Identified the +5 morningstar of Impermanence {crush,
                  | Dex+3} (You found it on level 3 of the Depths)
 71287 | Depths:4 | Noticed an ancient lich
 71474 | Depths:4 | Found Borik's General Store.
 71478 | Depths:4 | Found Zife's Gadget Shoppe.
 71479 | Depths:4 | Found Deren's Assorted Antiques.
 71517 | Depths:4 | Bought a scroll of blinking for 240 gold pieces
 71724 | Depths:4 | Received a gift from Trog
 71818 | Depths:4 | Noticed a greater mummy
 71928 | Depths:4 | Noticed a greater mummy
 72082 | Depths:4 | Killed a greater mummy
 72108 | Depths:4 | Killed a greater mummy
 72223 | Depths:4 | Noticed a greater mummy
 72674 | Depths:4 | Found a gateway to a ziggurat.
 72812 | Depths:5 | Entered Level 5 of the Depths
 72865 | Depths:5 | Paralysed by a vampire knight for 7 turns
 73225 | Depths:5 | Found a gate to the Realm of Zot.
 73306 | Depths:5 | Received a gift from Trog
 73310 | Depths:5 | Identified the +6 broad axe "Bohir" {venom, rN+} (Trog
                  | gifted it to you on level 5 of the Depths)
 73640 | Depths:5 | Noticed a caustic shrike
 73640 | Depths:5 | Noticed a caustic shrike
 73643 | Depths:5 | Noticed a caustic shrike
 73644 | Depths:5 | Noticed a caustic shrike
 74018 | Depths:5 | Found a corrupted altar of Lugonu.
 74045 | Depths:5 | Killed a caustic shrike
 74050 | Depths:5 | Killed a caustic shrike
 74050 | Depths:5 | Reached XP level 24. HP: 178/244 MP: 27/27
 75181 | Elf:3    | Cast into level 2 of the Abyss (a ghostly deep elf
                  | demonologist)
 75641 | Abyss:2  | Received a gift from Trog
 75739 | Abyss:3  | Found a corrupted altar of Lugonu.
 75767 | Abyss:3  | Got an abyssal rune of Zot
 75782 | Elf:3    | Escaped the Abyss
 76209 | Elf:3    | Identified the +5 morningstar of the Sea {crush, +Inv rElec
                  | MR++ Int-4}
 76209 | Elf:3    | Identified the +5 plate armour of Failure {MR+ Int+6}
 76511 | Elf:3    | Got a brightly glowing scale mail
 76514 | Elf:3    | Identified the +7 scale mail "Nypenwon" {rF+} (You found it
                  | on level 3 of the Elven Halls)
 76547 | Elf:3    | Found the +10 dark maul {crush}
 77007 | Crypt:1  | Entered Level 1 of the Crypt
 77215 | Crypt:1  | Received a gift from Trog
 78848 | Crypt:3  | Entered Level 3 of the Crypt
 78862 | Crypt:3  | Received a gift from Trog
 79201 | Crypt:3  | Reached XP level 25. HP: 250/252 MP: 27/27
 79217 | Crypt:3  | Found a staircase to the Tomb.
 79225 | Crypt:3  | Paralysed by a vampire knight for 4 turns
 79684 | Crypt:3  | Received a gift from Trog
 79871 | Crypt:3  | Found an ancient bone altar of Kikubaaqudgha.
 79977 | Crypt:3  | Received a gift from Trog
 79991 | Crypt:3  | Noticed an ancient lich
 80000 | Crypt:3  | Killed an ancient lich
 80475 | Crypt:3  | Got a sparkling ruby amulet
 80476 | Crypt:3  | Identified the amulet of Idoniz {Reflect *Corrode rF++
                  | Str+6 SH+4} (You acquired it on level 3 of the Crypt)
 80482 | Crypt:3  | Got a vibrating zirconium amulet
 80483 | Crypt:3  | Identified the amulet of Vytwelilo {RegenMP *Corrode rElec
                  | MR+} (You acquired it on level 3 of the Crypt)
 80497 | Crypt:3  | Got a dazzling hat
 80503 | Crypt:3  | Identified the +2 hat of an ossuary {+Fly MR+ Int+2} (You
                  | acquired it on level 3 of the Crypt)
 80673 | Vaults:5 | Entered Level 5 of the Vaults
 80676 | Vaults:5 | Noticed an ancient lich
 80710 | Vaults:5 | Killed an ancient lich
 81820 | Vaults:5 | Identified the amulet "Negog" {Fragile +Rage Str+3 Int+5}
 81833 | Vaults:5 | Reached XP level 26. HP: 200/266 MP: 27/27
 82268 | Vaults:5 | Identified the Volume of the Rocks and Evil
 82332 | Vaults:5 | Identified the cursed +1 trident of Descent {elec, rF+}
 82989 | Vaults:5 | Got a silver rune of Zot
 83606 | Slime:1  | Entered Level 1 of the Pits of Slime
 83613 | Slime:1  | Received a gift from Trog
 83797 | Slime:1  | Gained mutation: Scrolls take you a little longer to read.
                  | [a shining eye]
 83798 | Slime:1  | Gained mutation: You are dopey. (Int -2) [a shining eye]
 83804 | Slime:1  | Reached skill level 27 in Armour
 83852 | Slime:2  | Gained mutation: You are clumsy. (Dex -2) [a shining eye]
 83866 | Slime:2  | Gained mutation: You tend to lose your temper in combat. [a
                  | shining eye]
 83952 | Slime:3  | Gained mutation: You are very clumsy. (Dex -4) [a shining
                  | eye]
 83952 | Slime:3  | Gained mutation: Your flesh is heat resistant. (rF+) [a
                  | shining eye]
 83964 | Slime:3  | Gained mutation: Your spells are a little easier to cast,
                  | but a little less powerful. [a shining eye]
 83968 | Slime:3  | Gained mutation: You are frail. (-10% HP) [a shining eye]
 83970 | Slime:3  | Gained mutation: Scrolls take you longer to read. [a
                  | shining eye]
 83975 | Slime:3  | Paralysed by a great orb of eyes for 4 turns
 83980 | Slime:3  | Gained mutation: You are very frail. (-20% HP) [a shining
                  | eye]
 83989 | Slime:3  | Gained mutation: You are weak. (Str -2) [a shining eye]
 83991 | Slime:3  | Gained mutation: Scrolls take you much longer to read. [a
                  | shining eye]
 83995 | Slime:3  | Gained mutation: You are extremely frail. (-30% HP) [a
                  | shining eye]
 84107 | Slime:5  | Entered Level 5 of the Pits of Slime
 84340 | Slime:5  | Lost mutation: You tend to lose your temper in combat.
                  | [potion of mutation]
 84340 | Slime:5  | Lost mutation: You are weak. (Str -2) [potion of mutation]
 84340 | Slime:5  | Lost mutation: You are dopey. (Int -2) [potion of mutation]
 84340 | Slime:5  | Lost mutation: Your flesh is heat resistant. (rF+) [potion
                  | of mutation]
 84340 | Slime:5  | Lost mutation: You are very clumsy. (Dex -4) [potion of
                  | mutation]
 84609 | Slime:4  | Received a gift from Trog
 84771 | Slime:5  | Gained mutation: Your magical capacity is low. (-10% MP) [a
                  | shining eye]
 84772 | Slime:5  | Gained mutation: Your magical capacity is very low. (-20%
                  | MP) [a shining eye]
 84777 | Slime:5  | Gained mutation: Armour fits poorly on your strangely
                  | shaped body. [a shining eye]
 84780 | Slime:5  | Noticed the Royal Jelly
 84784 | Slime:5  | Gained mutation: Your body sometimes deteriorates upon
                  | taking damage. [a shining eye]
 84787 | Slime:4  | Gained mutation: You are occasionally teleported next to
                  | monsters. [a shining eye]
 84922 | Slime:3  | HP: 8/186 [large slime creature (20)]
 85425 | Slime:5  | Killed the Royal Jelly
 85724 | Slime:5  | Identified the +1 pair of boots of Poor Excuses {*Drain rF+
                  | rN+ Int+4} (You found it on level 5 of the Pits of Slime)
 85735 | Slime:5  | Found the +7 lajatang of Order {silver, rMut}
 85848 | Slime:5  | Got a slimy rune of Zot
 85877 | Slime:5  | Identified the ring of Jodial {Fire MP+9} (You found it on
                  | level 5 of the Pits of Slime)
 85957 | Slime:1  | Lost mutation: You are clumsy. (Dex -2) [potion of
                  | mutation]
 85957 | Slime:1  | Lost mutation: Your spells are a little easier to cast, but
                  | a little less powerful. [potion of mutation]
 85957 | Slime:1  | Lost mutation: You are extremely frail. (-30% HP) [potion
                  | of mutation]
 85958 | Slime:1  | Lost mutation: You are occasionally teleported next to
                  | monsters. [potion of mutation]
 85958 | Slime:1  | Lost mutation: You are very frail. (-20% HP) [potion of
                  | mutation]
 85958 | Slime:1  | Lost mutation: Armour fits poorly on your strangely shaped
                  | body. [potion of mutation]
 85958 | Slime:1  | Gained mutation: You possess an exceptional clarity of
                  | mind. [potion of mutation]
 85959 | Slime:1  | Lost mutation: Your magical capacity is very low. (-20% MP)
                  | [potion of mutation]
 85959 | Slime:1  | Lost mutation: Your magical capacity is low. (-10% MP)
                  | [potion of mutation]
 85959 | Slime:1  | Lost mutation: Your body sometimes deteriorates upon taking
                  | damage. [potion of mutation]
 85959 | Slime:1  | Gained mutation: You are clumsy. (Dex -2) [potion of
                  | mutation]
 85959 | Slime:1  | Gained mutation: You are very clumsy. (Dex -4) [potion of
                  | mutation]
 85959 | Slime:1  | Gained mutation: Your mind is acute. (Int +2) [potion of
                  | mutation]
 85960 | Slime:1  | Lost mutation: Scrolls take you much longer to read.
                  | [potion of mutation]
 85960 | Slime:1  | Lost mutation: You are frail. (-10% HP) [potion of
                  | mutation]
 85960 | Slime:1  | Lost mutation: Scrolls take you longer to read. [potion of
                  | mutation]
 85960 | Slime:1  | Gained mutation: You are frail. (-10% HP) [potion of
                  | mutation]
 85960 | Slime:1  | Lost mutation: You possess an exceptional clarity of mind.
                  | [potion of mutation]
 85960 | Slime:1  | Gained mutation: You are resistant to electric shocks.
                  | (rElec) [potion of mutation]
 86449 | Hell     | Entered the Vestibule of Hell
 86449 | Hell     | Noticed Geryon
 86493 | Hell     | Gained mutation: You are weak. (Str -2) [a cacodemon]
 86504 | Hell     | Killed Geryon
 86517 | Hell     | HP: 7/239 [frost giant/bolt of cold (39)]
 86876 | Hell     | Reached skill level 27 in Dodging
 88231 | Hell     | Reached XP level 27. HP: 135/245 MP: 29/29
 88408 | Hell     | Found a gateway to the decaying netherworld of Tartarus.
 88445 | Hell     | Found a gateway to the freezing wastes of Cocytus.
 88523 | Hell     | Reached skill level 10 in Evocations
 88568 | Hell     | Found a gateway to the Iron City of Dis.
 88719 | Hell     | Found a gateway to the ashen valley of Gehenna.
 88996 | Geh:1    | Entered Level 1 of Gehenna
 89012 | Geh:1    | Received a gift from Trog
 90774 | Geh:2    | Received a gift from Trog
 92322 | Geh:3    | Received a gift from Trog
 92606 | Geh:4    | Lost mutation: You are very clumsy. (Dex -4) [potion of
                  | mutation]
 92606 | Geh:4    | Lost mutation: Scrolls take you a little longer to read.
                  | [potion of mutation]
 92606 | Geh:4    | Lost mutation: You are frail. (-10% HP) [potion of
                  | mutation]
 92606 | Geh:4    | Gained mutation: You are covered in fur. (AC +1) [potion of
                  | mutation]
 93003 | Geh:5    | Received a gift from Trog
 93165 | Geh:6    | Reached skill level 15 in Evocations
 93284 | Geh:6    | Received a gift from Trog
 93329 | Geh:6    | Reached skill level 1 in Stealth
 93542 | Geh:7    | Entered Level 7 of Gehenna
 93553 | Geh:7    | Paralysed by a lich for 7 turns
 93945 | Geh:7    | Reached skill level 5 in Stealth
 94024 | Geh:7    | Received a gift from Trog
 94321 | Geh:7    | Received a gift from Trog
 95203 | Geh:7    | Received a gift from Trog
 95584 | Geh:7    | Identified the +4 scimitar of the Wasteland {drain, Stlth+}
 96641 | Geh:7    | Reached skill level 10 in Stealth
 97197 | Geh:7    | Identified the +7 sceptre of Asmodeus
 97197 | Geh:7    | Noticed Asmodeus
 97236 | Geh:7    | Killed Asmodeus
 97305 | Geh:7    | Got an obsidian rune of Zot
 97516 | Dis:1    | Entered Level 1 of the Iron City of Dis
 97584 | Dis:3    | Received a gift from Trog
 98588 | Dis:6    | Received a gift from Trog
 98643 | Dis:7    | Entered Level 7 of the Iron City of Dis
 99166 | Dis:7    | Received a gift from Trog
 99685 | Dis:7    | Gained mutation: Armour fits poorly on your strangely
                  | shaped body. [mutagenic glow]
 99710 | Dis:7    | Lost mutation: Your mind is acute. (Int +2) [mutagenic
                  | glow]
 99753 | Dis:7    | Gained mutation: Your body sometimes deteriorates upon
                  | taking damage. [mutagenic glow]
 99814 | Dis:7    | Gained mutation: Your body often deteriorates upon taking
                  | damage. [mutagenic glow]
 99857 | Dis:7    | Gained mutation: Your natural rate of healing is unusually
                  | fast. [mutagenic glow]
100019 | Dis:7    | Received a gift from Trog
100435 | Dis:7    | Gained mutation: Scrolls take you a little longer to read.
                  | [mutagenic glow]
100524 | Dis:7    | Gained mutation: Your magical capacity is low. (-10% MP) [a
                  | cacodemon]
100526 | Dis:7    | Received a gift from Trog
100663 | Dis:7    | Received a gift from Trog
101035 | Dis:7    | Reached skill level 5 in Shields
101643 | Dis:7    | Identified the +7 chain mail "Enudu" {Str+6 Int+4} (You
                  | found it on level 7 of the Iron City of Dis)
101643 | Dis:7    | Identified the Collected Works on Slavery and Changing
102214 | Dis:7    | Reached skill level 10 in Shields
102285 | Dis:7    | Received a gift from Trog
102752 | Dis:7    | Identified the +4 staff of Dispater
102752 | Dis:7    | Noticed Dispater
102816 | Dis:7    | Killed Dispater
102816 | Dis:7    | Reached skill level 15 in Stealth
102826 | Dis:7    | Identified the amulet "Oriesezi" {Inacc rN+ Str+4 Stlth-}
                  | (You found it on level 7 of the Iron City of Dis)
102827 | Dis:7    | Got an iron rune of Zot
103045 | Tar:1    | Entered Level 1 of Tartarus
103904 | Tar:4    | HP: 12/265 [something (19)]
104441 | Tar:5    | Received a gift from Trog
104552 | Tar:5    | Received a gift from Trog
105097 | Tar:6    | Reached skill level 15 in Shields
106421 | Tar:6    | Gained mutation: You are frail. (-10% HP) [mutagenic glow]
106579 | Tar:6    | Gained mutation: You are very weak. (Str -4) [mutagenic
                  | glow]
106581 | Tar:7    | Entered Level 7 of Tartarus
106617 | Tar:7    | Noticed an ancient lich
106632 | Tar:7    | Killed an ancient lich
106978 | Tar:1    | Gained mutation: You are very clumsy. (Dex -4) [mutagenic
                  | glow]
108278 | Tar:7    | Received a gift from Trog
109216 | Tar:7    | Noticed Ereshkigal
109301 | Tar:7    | Killed Ereshkigal
109431 | Tar:7    | Found the +10 morningstar "Eos" {elec, Halo rElec}
109691 | Tar:7    | Noticed an ancient lich
109716 | Tar:7    | Cast into level 5 of the Abyss (an ancient lich)
109716 | Abyss:5  | Entered Level 5 of the Abyss
109861 | Tar:7    | Escaped the Abyss
109870 | Tar:7    | Killed an ancient lich
111459 | Tar:7    | HP: 8/216 [???[a doom hound] (6)]
111460 | Tar:7    | Annihilated by a doom hound

Levels and vault maps discovered:
D:1:      saegor_arrival_simple_e, layout_loops_corners,
          minmay_misc_feat_rugged, minmay_bisected
D:2:      layout_basic, first_ration, uniq_sigmund
D:3:      layout_loops_ring, serial_park_tiny_pond, roderic_lattice_a,
          led_sif_book
D:4:      layout_cave_pools, overflow_temple_1_default, evilmike_ruin_ashenzari,
          uniq_blork_the_orc, uniq_robin
D:5:      layout_gridville, minmay_temple_entry_mini_moons
D:6:      layout_basic, uniq_edmund, uniq_pikel
D:7:      wander_river, layout_cave_pools
D:8:      layout_gridville, david_lair_shrubbed, ebering_ghost_rock_garden,
          serial_co_window_serial, co_window_paths_b, co_window_paths_a,
          co_window_corner_a, co_window_corner_a, co_window_paths_a,
          co_window_paths_b, co_window_paths_b, co_window_of_opportunity_a,
          co_window_paths_a, co_window_corner_cb, co_window_2corner,
          co_window_paths_c, co_window_corner_b, glass_columns_a,
          glass_columns_a, glass_columns_b, glass_columns_b, uniq_grum
D:9:      layout_basic, uniq_harold, uniq_erica
D:10:     layout_basic, orc_0_dummy
D:11:     layout_basic, grunt_ogre_cave, hangedman_feature_mirror, uniq_erolcha,
          uniq_psyche
D:12:     layout_basic, minmay_misc_feat_four_crosses, skrybe_limestone_x
D:13:     layout_basic, erik_vaults_2, eino_tiny_chamber, uniq_urug
D:14:     layout_roguey, fountainhead
D:15:     grunt_enter_depths_hoard, layout_basic, lemuel_crystal_altar,
          serial_ice, serial_ice_l, serial_ice_o, serial_ice_a, serial_ice_e,
          serial_ice_b, serial_ice_f
Lair:1:   layout_layer_cave, grunt_megastairs_4
Lair:2:   layout_long_grid, grunt_megastairs_2
Lair:3:   layout_regular_city, minmay_swamp_entry_swarm,
          minmay_shattered_shrine, lemuel_fruit_tree
Lair:4:   layout_roguey, guppyfry_snake_entry_garden,
          ebering_ghost_disaster_area, roderic_batcave, worms_lemuel,
          minmay_lair_oklob_chamber, infiniplex_staircase_pool
Lair:5:   layout_cave_pods
Lair:6:   due_jungle_book, layout_regular_city, minmay_slime_entry_jelly_boxes,
          serial_rivers, chequers_serial_rivers_micro_e,
          chequers_serial_rivers_micro_c, chequers_serial_rivers_marsh,
          chequers_serial_rivers_small_3, chequers_serial_rivers_large_a,
          chequers_serial_rivers_micro_c, serial_bayou_shore_b
Swamp:1:  layout_falls_marsh, ebering_ghost_disaster_area,
          nicolae_swamp_feature_on_the_river_bank
Swamp:2:  layout_falls_marsh, nicolae_swamp_dense_foliage
Swamp:3:  cheibrodos_swamp_heart_of_darkness, layout_basic_swamp,
          evilmike_swamp_ruin_wall
Swamp:4:  swamp_icy, layout_basic_swamp, gammafunk_ghost_wrathful_warriors
Snake:1:  layout_misc_corridors, guppyfry_snake_island
Snake:2:  layout_misc_corridors, uniq_vashnia
Snake:3:  layout_rooms, hangedman_snake_sidewinding
Snake:4:  snake_pit, layout_layer_cave, uniq_louise
Slime:1:  layout_caves, cheibrodos_slime_lost_civilization_6
Slime:2:  layout_caves, nicolae_slime_barrier
Slime:3:  layout_caves
Slime:4:  layout_caves
Slime:5
Orc:1:    layout_caves, serial_shops, nicolae_shop_waterfront,
          lightli_orcish_oven
Orc:2:    st_orc_rangers, layout_caves, minmay_orc_temple_c, uniq_josephine,
          uniq_azrael
Elf:1:    layout_gridlike, basic_altar, minmay_elf_necromancy, uniq_aizul,
          uniq_roxanne
Elf:2:    layout_geoelf_grid, serial_shops, shop, guppyfry_library_mini,
          uniq_saint_roka
Elf:3:    grunt_elf_hall_diamonds, layout_geoelf_castle, serial_sigils,
          serial_sigils_hangedman_carve, serial_sigils_hangedman_gut,
          serial_sigils_hangedman_shear, serial_shops, shop,
          nicolae_shop_crystal, drop_trap
Vaults:1: vaults_room_fancy_cross, hangedman_vaults_nodes,
          vaults_room_grunt_arrival_checkpoint, nicolae_vaults_little_squares_2,
          ontoclasm_vaults_hangar, v_misc_5, dpeg_vaults_monster_box,
          nicolae_vaults_little_squares_4, st_diamondy, v_misc_9, v_misc_1,
          ontoclasm_vaults_gateway, layout_vaults_omnibox
Vaults:2: grunt_vaults_funnel, ontoclasm_vaults_shuriken,
          minmay_crypt_entry_simple_sparse, vaults_room_corners,
          st_spiral_rooms, v_misc_27, nicolae_vaults_yaktaur_gun_rack,
          vaults_room_fours, vaults_dpeg_ring, layout_vaults_omnigrid
Vaults:3: ebering_vaults_ghost_reflecting_pool, nicolae_vaults_sealed_display,
          v_misc_1, v_alt_pattern_4, v_misc_33, hangedman_vaults_stagger,
          nicolae_vaults_angled_halls, v_misc_29, nicolae_vaults_network_square,
          grunt_vaults_diagonal, nicolae_vaults_angled_halls, st_cross,
          vaults_room_pools, vaults_room_hallway, v_misc_22,
          ontoclasm_vaults_ligature, ontoclasm_vaults_hangar, layout_vaults_maze
Vaults:4: v_misc_10, v_alt_pattern_3, nicolae_vaults_network_periphery,
          v_misc_28, ontoclasm_vaults_twist, layout_vaults_chaotic_city,
          serial_shops, nicolae_shop_crystal, uniq_mennas
Vaults:5
Crypt:1:  layout_gridlike, nicolae_crypt_ancient_font, st_stairs_14
Crypt:2:  layout_catacombs, grunt_megastairs_3
Crypt:3:  quadcrypt_mu, uniq_bai_suzhen
Depths:1: layout_cave_shapes, grunt_hell_entry_demonic_statue,
          minmay_misc_feat_more_columns, ice2_lemuel
Depths:2: grunt_twisty_corner, layout_cave_shapes, minmay_misc_feat_nine_boxes,
          hangedman_tar_grid_catacomb, uniq_enchantress
Depths:3: hangedman_crystal_crosses_colossus [crystal_crosses_arms_four,
          crystal_crosses_arms_four, crystal_crosses_arms_two,
          crystal_crosses_arms_one], pan_entry, abyss_entry, hell_entry
Depths:4: minmay_guarded_unrand_sceptre_of_torment, layout_gridlike,
          enter_ziggurat_c, abyss_entry, hell_entry, kennysheep_boxes,
          rand_demon_pan_entry_4, minmay_staircase_windowed_large,
          minmay_shop_star
Depths:5: evilmike_zot_entry_round, layout_gridlike, abyss_entry, hell_entry,
          tgw_lugonu_bribe
Hell
Dis:1:    layout_subdivisions
Dis:2:    layout_subdivisions, hangedman_dis_chains, nrook_loot_triangle
Dis:3:    layout_jigsaw
Dis:4:    layout_gridville, hangedman_dis_decor_tower, grunt_megastairs_1
Dis:5:    layout_regular_city
Dis:6:    layout_regular_city
Dis:7:    dis_st
Geh:1:    layout_gehenna_pools_basic
Geh:2:    layout_gehenna_lava_caves
Geh:3:    layout_gehenna_pools_basic
Geh:4:    layout_gehenna_pools_box
Geh:5:    layout_gehenna_lava_caves, nicolae_geh_single_fiery_grave
Geh:6:    layout_gehenna_lava_caves
Geh:7:    geh_grunt_pentagon
Tar:1:    layout_honeycomb, nicolae_tar_fractal_crypt
Tar:2:    layout_grid_maze, nicolae_tar_cuneiform_not
Tar:3:    minmay_shadows, layout_cathedral_of_symmetry,
          nicolae_tar_cuneiform_to_be
Tar:4:    layout_grid_maze, nicolae_tar_cuneiform_to_be,
          hangedman_snap_crack_crunch
Tar:5:    layout_grid_maze
Tar:6:    grunt_deathspiral_small, layout_cathedral_of_symmetry
Tar:7:    tar_old

Skill      XL: |  1  2  3  4  5  6  7  8  9 10 11 12 13 14 15 16 17 18 19 20 21 22 23 24 25 26 27 |
---------------+----------------------------------------------------------------------------------+-----
Axes           | 4 5 6 8 9 12 13 | 13.2
Maces & Flails | 2 6 9 11 12 14 16 18 | 18.6
Fighting       | 4 6 7 9 11 13 15 17 18 20 22 23 24 26 27 | 27.0
Armour         | 3 5 7 8 10 12 14 15 16 17 18 19 20 21 22 23 24 26 27 | 27.0
Dodging        | 4 6 7 9 11 13 14 15 16 17 18 19 20 21 23 24 27 | 27.0
Evocations     | 1 4 6 9 22 | 22.2
Throwing       | 3 |  3.0
Shields        | 4 19 | 19.0
Stealth        | 18 | 18.1

Action                   |  1- 3 |  4- 6 |  7- 9 | 10-12 | 13-15 | 16-18 | 19-21 | 22-24 | 25-27 || total
-------------------------+-------+-------+-------+-------+-------+-------+-------+-------+-------++-------
Melee: Hand axe          |    96 |   114 |   152 |       |       |       |       |       |       ||   362
       Headbutt          |    11 |    24 |    49 |   165 |   356 |   337 |   476 |   507 |  1899 ||  3824
       Flail             |       |       |    46 |       |       |       |       |       |       ||    46
       Mace              |       |       |    85 |   620 |   502 |       |       |       |       ||  1207
       Morningstar       |       |       |       |     3 |   452 |       |       |       |       ||   455
       Eveningstar       |       |       |       |       |   519 |  1304 |  1694 |  1541 |  5404 || 10462
       Great mace        |       |       |       |       |       |       |       |       |   133 ||   133
Throw: Throwing net      |       |       |       |     3 |     2 |     2 |       |       |       ||     7
Invok: Berserk           |       |     1 |     3 |     1 |     6 |     2 |     2 |       |     1 ||    16
       Trog's Hand       |       |       |     2 |     4 |    14 |    18 |    18 |    17 |    94 ||   167
       Brothers in Arms  |       |       |     1 |     8 |    18 |    11 |    12 |    16 |    48 ||   114
 Abil: Evoke Invisibilit |       |       |       |       |       |       |       |       |     2 ||     2
Evoke: Wand              |       |       |       |    17 |    46 |    35 |    12 |     1 |       ||   111
       Box of beasts     |       |       |       |       |     1 |       |       |       |    18 ||    19
       Horn of Geryon    |       |       |       |       |       |       |       |       |    14 ||    14
       Phantom mirror    |       |       |       |       |       |       |       |       |     3 ||     3
  Use: Scroll            |       |       |       |     9 |    13 |    28 |    16 |    21 |    31 ||   118
       Potion            |       |       |       |     3 |     2 |     6 |     6 |     1 |    41 ||    59
 Stab: Distracted        |       |       |     1 |       |       |       |     1 |       |    31 ||    33
       Paralysed         |       |       |       |       |     1 |     2 |       |       |       ||     3
       Invisible         |       |       |       |       |       |     1 |       |       |     4 ||     5
       Confused          |       |       |       |       |       |       |       |     1 |       ||     1
       Sleeping          |       |       |       |       |       |       |       |       |    27 ||    27
  Eat: Chunk             |       |     6 |     7 |    29 |    54 |    34 |    51 |    25 |    14 ||   220
       Ration            |       |       |     2 |     2 |     6 |    12 |     3 |     8 |    44 ||    77
Armor: Animal skin       |    11 |       |       |       |       |       |       |       |       ||    11
       Plate armour      |    30 |    44 |   146 |   340 |   625 |    91 |   691 |       |       ||  1967
       Fire dragon scale |       |       |       |       |    34 |   474 |       |       |       ||   508
       Acid dragon scale |       |       |       |       |       |       |    91 |   390 |  1384 ||  1865
Dodge: Dodged            |    50 |    19 |    63 |   256 |   733 |   852 |  1086 |  1077 |  4192 ||  8328
Block: Buckler           |       |     3 |    24 |    72 |   165 |   155 |   318 |   571 |  3703 ||  5011
       Reflection        |       |       |       |       |       |       |       |       |    38 ||    38
       Other             |       |       |       |       |       |       |       |       |    16 ||    16
